 Dungeon Crawl Stone Soup version 0.17-a0-377-gdd46233 (webtiles) character file.

109 esc the Ducker (level 4, 0/34 HPs)
             Began as a Demonspawn Gladiator on Apr 1, 2015.
             Was an Initiate of Makhleb.
             Succumbed to an adder's poison
             ... on level 2 of the Dungeon.
             The game lasted 00:05:11 (2127 turns).

esc the Ducker (Demonspawn Gladiator)               Turns: 2127, Time: 00:05:11

Health: 0/34       AC:  4    Str: 16    XL:     4   Next: 60%
Magic:  4/4        EV: 13    Int: 12    God:    Makhleb [......]
Gold:   157        SH:  0    Dex: 14    Spells: 0 memorised, 3 levels left

rFire  . . .     SeeInvis +     a - +0 flail
rCold  . . .     Clarity  .     b - +0 leather armour
rNeg   . . .     SustAb   .     (no shield)
rPois  .         Gourm    .     c - +0 helmet
rElec  .         Spirit   .     (no cloak)
rCorr  .         Warding  .     (no gloves)
rMut   .         Stasis   .     (no boots)
MR     .....                    (no amulet)
Stlth  ++........               g - ring of see invisible {sInv, !d}
                                l - +3 ring of intelligence

@: lethally poisoned (0 -> -9), flying, very slightly contaminated, not
resistant to hostile enchantments, unstealthy
A: hooves 1, nightstalker 1, evolution 1
a: Renounce Religion


You were on level 2 of the Dungeon.
You worshipped Makhleb.
Makhleb was noncommittal.
You were not hungry.

You visited 1 branch of the dungeon, and saw 3 of its levels.

You collected 157 gold pieces.

Inventory:

Hand weapons
 a - a +0 flail (weapon)
Missiles
 d - 3 throwing nets (quivered) {=f, !d}
Armour
 b - a +0 leather armour (worn)
 c - a +0 helmet (worn)
Jewellery
 g - a ring of see invisible (right hand) {sInv, !d}
   (You found it on level 2 of the Dungeon)
 l - a +3 ring of intelligence (left hand)
   (You found it on level 1 of the Dungeon)
Scrolls
 h - a scroll of amnesia
 i - a scroll of blinking {!r}
 j - 3 scrolls of remove curse
 k - a scroll of fear {unknown}
Comestibles
 f - 2 bread rations {@e1}
 m - a beef jerky


   Skills:
 - Level 2.9 Fighting
 - Level 3.3 Maces & Flails
 - Level 1.7 Throwing
 - Level 3.4 Dodging
 + Level 1.6 Unarmed Combat


You had 3 spell levels left.
You didn't know any spells.

Dungeon Overview and Level Annotations

Branches:
Dungeon (3/15)

Altars:
Makhleb
Yredelemnul


Innate Abilities, Weirdness & Mutations

You have large cloven feet.
You are slightly more attuned to the shadows.
You evolve.


Message History

You kill the orc!
Makhleb accepts your kill.
No target in view!
No target in view!
Things that are here:
a leather armour; an orc corpse You butcher the orc corpse.
An adder comes into view.
Things that are here:
a leather armour; 4 chunks of flesh {@w0} An adder is nearby!
You barely miss the adder. Your kick misses the adder.
The adder closely misses you. x2
You closely miss the adder. You kick the adder, but do no damage.
The adder barely misses you.
You barely miss the adder. You kick the adder, but do no damage.
The adder bites you but does no damage. The adder bites you.
All of the chunks of flesh in your inventory have rotted away.
You take 2 damage, and have 32/34 hp.
You miss the adder. You kick the adder, but do no damage.
The adder barely misses you. x2
You barely miss the adder. The adder barely misses you.
You barely miss the adder. Your kick misses the adder.
The adder barely misses you. The adder bites you but does no damage.
You closely miss the adder. You kick the adder, but do no damage.
The adder bites you but does no damage.
You closely miss the adder. Your kick misses the adder.
The adder closely misses you. The adder barely misses you.
You miss the adder. The adder misses you. The adder closely misses you.
An orc comes into view. It is wielding a flail.
The orc shouts!
You hit the adder. The adder bites you but does no damage.
You barely miss the adder. The adder bites you.
You are poisoned.
The adder poisons you! The adder completely misses you.
You take 1 damage, and have 31/34 hp.
You miss the adder.
You feel sick. The adder barely misses you.
You take 1 damage, and have 30/34 hp.
You completely miss the adder. The adder bites you.
You are more poisoned.
The adder poisons you! The adder bites you.
You are more poisoned.
The adder poisons you!
You take 5 damage, and have 25/34 hp.
You feel sick.
You take 1 damage, and have 24/34 hp.
You feel sick. The adder bites you.
You are more poisoned.
The adder poisons you!
You take 4 damage, and have 20/34 hp.
Drink which item? (? for menu, Esc to quit)
Okay, then.
Drink which item? (? for menu, Esc to quit)
It was a potion of flight.
You feel very buoyant.
You fly up into the air.
You feel sick. The orc hits you with a flail!
The adder bites you but does no damage.
You take 9 damage, and have 11/34 hp.
MASSIVE DAMAGE!!
Drink which item? (? for menu, Esc to quit)
It was a potion of beneficial mutation.
You feel nature experimenting on you.
Don't worry, failures die fast.
You feel fantastic!
* * * LOW HITPOINT WARNING * * *
You feel sick. The adder bites you.
* * * LOW HITPOINT WARNING * * *
The orc hits you with a flail.
* * * LOW HITPOINT WARNING * * *
You take 7 damage, and have 4/34 hp.
MASSIVE DAMAGE!!
Read which item? (? for menu, Esc to quit)
Okay, then.
You aren't carrying any potions.
Unknown command.
Read which item? (? for menu, Esc to quit)
Blink to where?
You are very lightly contaminated with residual magic.
As you read the scroll labeled BEDDET KUSCHU, it crumbles to dust.
It was a scroll of blinking.
* * * LOW HITPOINT WARNING * * *
You feel sick.
You take 1 damage, and have 3/34 hp.
* * * LOW HITPOINT WARNING * * *
You feel sick.
You fly upwards.
A bat comes into view.
* * * LOW HITPOINT WARNING * * *
You feel sick.
There is a stone staircase leading down here.
You take 1 damage, and have 2/34 hp.
Read which item? (? for menu, Esc to quit)
As you read the scroll labeled JUAWNI WANIMY, it crumbles to dust.
You feel forgetful for a moment.
It was a scroll of amnesia.
* * * LOW HITPOINT WARNING * * *
You feel sick.
You take 1 damage, and have 1/34 hp.
Read which item? (? for menu, Esc to quit)
As you read the scroll labeled PUF GE QOJ, it crumbles to dust.
You feel blessed for a moment.
It was a scroll of remove curse.
You die...

.#.##..##############.#
.#..#..# #.# .##.#..#
#########.#
.##.#..######.).....#.#
.......#.......####.#.#
###.####.####..#......#
#.####.####..#.##.###
###..............##.#
.#######.####...@...#
.# #.#####.###### .#
#.......# .# #########
.# .# .# .# .#


There were no monsters in sight!

Vanquished Creatures
  An orc priest (D:3)
  2 adders
  A worm (D:2)
  2 giant geckos (D:3)
  An ooze (D:1)
  4 orcs (D:3)
  10 goblins
  4 hobgoblins
  2 jackals (D:2)
  A quokka (D:2)
  A ball python (D:1)
  5 bats
  2 giant cockroaches (D:2)
  4 giant newts
  8 kobolds
  6 rats
54 creatures vanquished.

Vanquished Creatures (others)
  A rat (D:1)
1 creature vanquished.

Grand Total: 55 creatures vanquished

Notes
Turn   | Place    | Note
--------------------------------------------------------------
     0 | D:1      | esc, the Demonspawn Gladiator, began the quest for the Orb.
     0 | D:1      | Reached XP level 1. HP: 16/16 MP: 1/1
   280 | D:1      | Gained mutation: You are slightly more attuned to the shadows. [demonic ancestry]
   280 | D:1      | Reached XP level 2. HP: 11/22 MP: 2/2
   519 | D:1      | Reached skill level 3 in Maces & Flails
   809 | D:1      | Reached skill level 3 in Dodging
  1093 | D:2      | Reached XP level 3. HP: 28/28 MP: 3/3
  1408 | D:2      | Found a burning altar of Makhleb.
  1408 | D:2      | Found a basalt altar of Yredelemnul.
  1411 | D:2      | Became a worshipper of Makhleb the Destroyer
  1818 | D:3      | Gained mutation: You have large cloven feet. [demonic ancestry]
  1818 | D:3      | Reached XP level 4. HP: 27/34 MP: 4/4
  1899 | D:3      | HP: 4/34 [orc priest/divine providence (11)]
  1903 | D:3      | Reached skill level 1 in Unarmed Combat
  2122 | D:3      | Gained mutation: You evolve. [potion of beneficial mutation]
  2122 | D:3      | HP: 4/34 [orc/flail (5)]
  2126 | D:2      | HP: 1/34 [poisoned by an adder]
  2127 | D:2      | Succumbed to an adder's poison

Action                   |  1- 3 |  4- 6 || total
-------------------------+-------+-------++-------
Melee: Flail             |   127 |    29 ||   156
Throw: Throwing net      |     1 |       ||     1
  Use: Scroll            |       |     3 ||     3
       Potion            |       |     3 ||     3
 Stab: Sleeping          |     5 |       ||     5
  Eat: Chunk             |     3 |     1 ||     4

Vault maps used:
D:1:      evilmike_arrival_come_back, minmay_statues_item, lemuel_old_faithful
D:2:      gammafunk_temple_overflow_elements, first_bread

Table legend:
 A = Turns spent in this place as a percentage of turns spent in the entire game.
 B = Non-inter-level travel turns spent in this place as a percentage of non-inter-level travel turns spent in the entire game.
 C = Inter-level travel turns spent in this place as a percentage of turns spent in this place.
 D = Turns resting spent in this place as a percentage of non-inter-level travel turns spent in this place.
 E = Turns spent auto-exploring this place as a percentage of non-inter-level travel turns spent in this place.
 F = Non-inter-level travel turns spent in this place divided by the number of levels of this place that you've seen.
                   A       B       C       D       E      F
               +-------+-------+-------+-------+-------+----------------------
         Total | 100.0 | 100.0 |   0.3 |   1.9 |   7.1 | 257.0
       Dungeon | 100.0 | 100.0 |   0.3 |   1.9 |   7.1 | 257.0
               +-------+-------+-------+-------+-------+----------------------

Table legend:
 A = Kills in this place as a percentage of kills in entire the game.
 B = Kills by you in this place as a percentage of kills by you in the entire game.
 C = Kills by friends in this place as a percentage of kills by friends in the entire game.
 D = Other kills in this place as a percentage of other kills in the entire game.
 E = Experience gained in this place as a percentage of experience gained in the entire game.
 F = Experience gained in this place divided by the number of levels of this place that you have seen.
                   A       B       C       D       E      F
               +-------+-------+-------+-------+-------+----------------------
         Total | 100.0 | 100.0 |  -nan |  -nan | 100.0 |  52.3
       Dungeon | 100.0 | 100.0 |  -nan |  -nan | 100.0 |  52.3
               +-------+-------+-------+-------+-------+----------------------
